 Dungeon Crawl Stone Soup version 0.25.1-2-g60ff931df9 (webtiles) character file.

Game seed: 2795801380965045236

133 Chiseanne the Magician (level 4, -1/30 HPs)
             Began as a Demonspawn Wizard on Sept 30, 2020.
             Was an Initiate of Gozag.
             Killed by nerve-wracking pain
             ... invoked by Grinder
              (11 damage)
             ... while paralysed by Grinder
             ... on level 3 of the Dungeon.
             The game lasted 00:09:08 (4087 turns).

Chiseanne the Magician (Demonspawn Wizard)          Turns: 4087, Time: 00:09:09

Health: -1/30      AC:  2    Str:  7    XL:     4   Next: 94%
Magic:  10/10      EV:  2    Int: 21    God:    Gozag
Gold:   64         SH:  0    Dex: 11    Spells: 5/11 levels left

rFire    + . .     SeeInvis .   a - +1 dagger (venom)
rCold    + + .     Gourm    .   (no shield)
rNeg     . . .     Faith    .   t - +0 robe
rPois    +         Spirit   .   b - +0 hat
rElec    +         Reflect  .   (no cloak)
rCorr    +         Harm     .   (no gloves)
MR       .....                  (no boots)
Stlth    ++........             (no amulet)
HPRegen  0.10/turn              (no ring)
MPRegen  0.12/turn              (no ring)

@: paralysed, mighty, resistant, gold aura, berserk cooldown, stab, slowed
A: talons 1, large bone plates 1, cold resistance 1
a: Potion Petition, Call Merchant, Bribe Branch, Renounce Religion


You were on level 3 of the Dungeon.
You worshipped Gozag.
Gozag was noncommittal.
You were not hungry.

You visited 1 branch of the dungeon, and saw 3 of its levels.

You collected 98 gold pieces.
You paid 34 gold pieces to Gozag.

Inventory:

Hand Weapons
 a - a +1 dagger of venom (weapon)
Missiles
 f - 19 poisoned darts (quivered)
 j - 149 stones
 k - 2 throwing nets
 l - 53 arrows
 s - 16 bolts
Armour
 b - a +0 hat (worn)
 n - a +3 leather armour of positive energy
 t - a +0 robe (worn)
Jewellery
 e - a cursed -4 ring of evasion {unknown}
 g - an uncursed ring of protection from fire {unknown}
 r - an uncursed amulet of faith {unknown}
Wands
 q - a wand of random effects (8)
Scrolls
 i - a scroll of remove curse
Potions
 c - 2 potions of degeneration {unknown}
 h - 2 potions of brilliance
 m - a potion of invisibility {unknown}
 o - 3 potions of curing
 p - a potion of stabbing {unknown}
 u - 2 potions of heal wounds {unknown}
 w - a potion of lignification {unknown}
Comestibles
 d - 4 rations


   Skills:
 - Level 1.7 Dodging
 - Level 1.7 Stealth
 * Level 4.1 Spellcasting
 * Level 3.1 Conjurations
   Level 1.0 Summonings
 - Level 0.8 Translocations
 * Level 1.6 Poison Magic


You had 5 spell levels left.
You knew the following spells:

 Your Spells              Type           Power        Failure   Level  Hunger
a - Magic Dart            Conj           ###.         3%          1    None
b - Blink                 Tloc           N/A          13%         2    #......
d - Mephitic Cloud        Conj/Pois/Air  ##......     19%         3    ###....

Your spell library contained the following spells:

 Spells                   Type           Power        Failure   Level  Hunger
 Call Imp                 Summ           #.......     12%         2    #......
 Slow                     Hex            #.......     19%         2    #......
 Conjure Flame            Conj/Fire      ##......     19%         3    ###....


Dungeon Overview and Level Annotations

Branches:
Dungeon (3/15)

Altars:
Fedhas
Gozag

Annotations:
D:2 exclusion: oklob plant
D:3 Grinder


Innate Abilities, Weirdness & Mutations

You have sharp toenails.
You are partially covered in large bone plates. (SH +4)
Your flesh is cold resistant. (rC+)


Message History

You barely miss the adder. Grinder gestures at you.
You shrug off the repeated paralysis!
You block the adder's attack.
You miss the adder. You claw the adder!
You kill the adder!
You barely miss Grinder. You claw Grinder!
Grinder is moderately wounded.
Grinder blinks!
You are no longer berserk.
You are exhausted.
You feel yourself slow down.
Grinder blinks!
Found a scroll of identify.
Grinder gestures at you.
You suddenly lose the ability to move!
Grinder grins, showing sharp teeth.
Grinder gestures at you. Pain shoots through your body!
You die...
Your body crumbles into a pile of gold.

## ############### ###.###.
............... $ .......
###.##.####### #.#... #.##.# #
#. ##...## #....# # #.##.....#
#....# #.#......# #....#
#.#.....@#.####.#.#
#.#.#...##........####
##.#.###.#####........# #
##......5.# ##.#.####.# ##
##...$.##### #.[....##.###.
........$.#######..#....#.##..
...........................'..
...##.....#######..##...#.##..
.. ##.#.## #.........###.


You could see Grinder (fast).

Vanquished Creatures
  3 gnolls (D:3)
  4 adders
  An ooze (D:1)
  A worm (D:2)
  3 dart slugs
  3 leopard geckos (D:1)
  3 orcs (D:3)
  7 bats
  3 giant cockroaches
  5 goblins
  3 hobgoblins
  A ball python (D:1)
  2 frilled lizards (D:1)
  10 kobolds
  8 rats
  A fungus (D:2)
58 creatures vanquished.

Notes
Turn   | Place    | Note
-------+----------+-------------------------------------------
     0 | D:1      | Chiseanne the Demonspawn Wizard began the quest for the
                  | Orb.
     0 | D:1      | Reached XP level 1. HP: 13/13 MP: 4/4
   416 | D:1      | Gained mutation: You are partially covered in large bone
                  | plates. (SH +4) [demonic ancestry]
   416 | D:1      | Reached XP level 2. HP: 3/19 MP: 0/6
  1149 | D:1      | Gained mutation: Your flesh is cold resistant. (rC+)
                  | [demonic ancestry]
  1149 | D:1      | Reached XP level 3. HP: 24/24 MP: 0/8
  1968 | D:2      | Learned a level 2 spell: Blink
  1972 | D:2      | Learned a level 3 spell: Mephitic Cloud
  2533 | D:2      | Gained mutation: You have sharp toenails. [demonic
                  | ancestry]
  2533 | D:2      | Reached XP level 4. HP: 30/30 MP: 4/9
  2629 | D:2      | Reached skill level 1 in Poison Magic
  3096 | D:2      | Found a blossoming altar of Fedhas.
  3116 | D:2      | Noticed an oklob plant
  3436 | D:3      | Reached skill level 4 in Spellcasting
  3847 | D:3      | Found an opulent altar of Gozag.
  3873 | D:3      | Became a worshipper of Gozag Ym Sagoz the Greedy
  4066 | D:3      | Noticed Grinder
  4072 | D:3      | Paralysed by Grinder for 4 turns
  4086 | D:3      | Paralysed by Grinder for 4 turns
  4087 | D:3      | Killed from afar by Grinder

Illustrated notes

Levels and vault maps discovered:
D:1:      tarquinn_simple_flora_water_a, layout_basic, st_stairs_14,
          minmay_split_cup_small
D:2:      layout_basic, tgw_fedhas, grunt_decor_resistance
D:3:      mumra_celtic_spiral_tile, layout_loops_corners, hangedman_ru_absence,
          grunt_gozag_statues, nicolae_overflow_hidden_temple, first_ration,
          uniq_grinder

Skill      XL: |  1  2  3  4 |
---------------+-------------+-----
Conjurations   | 2 3 |  3.1
Poison Magic   | 1 |  1.6
Spellcasting   | 4 |  4.1
Dodging        | |  1.7
Stealth        | |  1.7
Summonings     | |  1.0
Translocations | |  0.8

Action                   |  1- 3 |  4- 6 || total
-------------------------+-------+-------++-------
Melee: Spear             |    24 |    21 ||    45
       Unarmed           |     5 |       ||     5
       Kick              |       |    10 ||    10
       Dagger            |       |     7 ||     7
 Cast: Magic Dart        |   104 |    32 ||   136
Invok: Potion Petition   |       |     1 ||     1
Evoke: Wand              |       |     2 ||     2
  Use: Scroll            |     8 |       ||     8
  Eat: Chunk             |     5 |     3 ||     8
       Ration            |       |     1 ||     1
Armor: Robe              |    19 |     1 ||    20
Dodge: Dodged            |    41 |     2 ||    43
Block: Other             |     6 |     4 ||    10
